 Dungeon Crawl Stone Soup version 0.28.0-55-gcd9437bce4 (webtiles) character file.

Game seed: 1094927386302836831

84 nerdsy the Grave Robber (level 4, 0/32 HPs)
             Began as a Gnoll Necromancer on Dec 30, 2022.
             Slain by a worm (7 damage)
             ... on level 3 of the Dungeon.
             The game lasted 00:13:18 (2724 turns).

nerdsy the Grave Robber (Gnoll Necromancer)         Turns: 2724, Time: 00:13:19

Health: 0/32       AC:  2    Str:  7    XL:     4   Next: 46%
Magic:  14/20      EV: 13    Int: 17    God:
Gold:   44         SH:  0    Dex: 12    Spells: 12/13 levels left

rFire   . . .      SeeInvis .   d - +0 spear
rCold   . . .      Faith    .   (no shield)
rNeg    . . .      Spirit   .   a - +0 robe
rPois   +          Reflect  .   (no helmet)
rElec   .          Harm     .   (no cloak)
rCorr   .          Rampage  .   (no gloves)
Will    .....                   (no boots)
Stlth   ++........              (no amulet)
HPRegen 0.10/turn               i - ring of Leaves {rPois MP+9}
MPRegen 0.17/turn               (no ring)

@: no status effects
A: fangs 1, strong nose, distributed training
a: no special abilities


You were on level 3 of the Dungeon.
You visited 1 branch of the dungeon, and saw 3 of its levels.

You collected 44 gold pieces.

Inventory:

Hand Weapons
 b - a +1 vorpal hunting sling
 d - a +0 spear (weapon)
Missiles
 c - 3 bolts
 e - a stone
Armour
 a - a +0 robe (worn)
Jewellery
 i - the ring of Leaves (left hand) {rPois MP+9}
   (You found it on level 2 of the Dungeon)

   [ring of magical power]

   rPois:     It protects you from poison.
   MP:        It affects your magic capacity (+9).
Scrolls
 f - a scroll of teleportation
Potions
 g - a potion of brilliance {unknown}
 h - a potion of curing {unknown}


   Skills:
 + Level 1.1 Fighting
 + Level 1.1 Short Blades
 + Level 1.1 Long Blades
 + Level 1.1 Axes
 + Level 1.1 Maces & Flails
 + Level 1.1 Polearms
 + Level 1.1 Staves
 + Level 1.1 Slings
 + Level 1.1 Bows
 + Level 1.1 Crossbows
 + Level 1.1 Throwing
 + Level 1.1 Armour
 + Level 4.6 Dodging
 + Level 4.2 Stealth
 + Level 1.1 Shields
 + Level 1.1 Unarmed Combat
 + Level 5.1 Spellcasting
 + Level 0.9 Conjurations
 + Level 0.9 Hexes
 + Level 0.9 Summonings
 + Level 7.1 Necromancy
 + Level 0.9 Translocations
 + Level 0.9 Transmutations
 + Level 0.9 Fire Magic
 + Level 0.9 Ice Magic
 + Level 0.9 Air Magic
 + Level 0.9 Earth Magic
 + Level 0.9 Poison Magic
 + Level 1.2 Invocations
 + Level 1.1 Evocations


You had 12 spell levels left.
You knew the following spells:

 Your Spells              Type           Power      Damage    Failure   Level
a - Pain                  Necr           100%       1d9       1%          1

Your spell library contained the following spells:

 Spells                   Type           Power      Damage    Failure   Level
 Animate Skeleton         Necr           56%        N/A       1%          1
 Vampiric Draining        Necr           28%        2d8       2%          3
 Animate Dead             Necr           14%        N/A       8%          4
 Agony                    Necr           28%        N/A       21%         5


Dungeon Overview and Level Annotations

Branches:
Dungeon (3/15)

Altars:


Innate Abilities, Weirdness & Mutations

You have very sharp teeth.
Your uncanny sense of smell can sniff out nearby items.
Your experience applies equally to all skills.


Message History

The adder is almost dead.
The adder closely misses you. The adder barely misses you.
You hit the adder.
You kill the adder!
You start resting.
A worm comes into view.
A worm is nearby!
Casting: Pain (safe; 1% risk of failure)
Confirm with . or Enter, or press ? or * to list all spells.
You can't see any susceptible monsters within range! (Use Z to cast anyway.)
You see here a frilled lizard corpse.
Found a long sword.
Casting: Pain (safe; 1% risk of failure)
Confirm with . or Enter, or press ? or * to list all spells.
Aiming: Pain (safe; 1% risk of failure)
Press: ? - help, Shift-Dir - straight line, f - worm
Aim: a worm (wandering, hasn't noticed you, chance to affect: 88%)
The worm barely resists.
Casting: Pain (safe; 1% risk of failure)
Confirm with . or Enter, or press ? or * to list all spells.
Aiming: Pain (safe; 1% risk of failure)
Press: ? - help, Shift-Dir - straight line, f/p - worm
Aim: a worm (chance to affect: 88%)
The worm barely resists.
Casting: Pain (safe; 1% risk of failure)
Confirm with . or Enter, or press ? or * to list all spells.
Aiming: Pain (safe; 1% risk of failure)
Press: ? - help, Shift-Dir - straight line, f/p - worm
Aim: a worm (chance to affect: 88%)
The worm writhes in agony.
Casting: Pain (safe; 1% risk of failure)
Confirm with . or Enter, or press ? or * to list all spells.
Aiming: Pain (safe; 1% risk of failure)
Press: ? - help, Shift-Dir - straight line, f/p - worm
Aim: a worm (moderately wounded, chance to affect: 88%)
The worm barely resists.
You hit the worm.
The worm is moderately wounded.
The worm bites you!
You die...

.### ....
......# ......#
..>.#
#..##########
##..w).#.....#
##....@........
#..............
#...<.†....$...
#..............
#..............
#.....)........
#.............)
##.............
##.....#.....#


You could see a worm.

Vanquished Creatures
  Natasha (D:3)
  An adder (D:3)
  A worm (D:2)
  2 dart slugs (D:1)
  8 endoplasms
  2 giant cockroaches
  6 goblins
  A hobgoblin (D:2)
  5 jackals (D:1)
  4 kobolds
  A quokka (D:1)
  2 ball pythons (D:2)
  A bat (D:2)
  3 frilled lizards
  A rat (D:2)
39 creatures vanquished.

Notes
Turn   | Place    | Note
-------+----------+-------------------------------------------
     0 | D:1      | nerdsy the Gnoll Necromancer began the quest for the Orb.
     0 | D:1      | Reached XP level 1. HP: 13/13 MP: 6/6
   476 | D:1      | Reached XP level 2. HP: 17/19 MP: 4/7
   847 | D:1      | Found a faded altar of an unknown god.
  1185 | D:1      | Reached XP level 3. HP: 23/25 MP: 6/9
  1217 | D:1      | Reached skill level 5 in Spellcasting
  1715 | D:2      | Reached skill level 1 in Invocations
  2398 | D:2      | Identified the ring of Leaves {rPois MP+9}
  2692 | D:3      | Noticed Natasha
  2693 | D:3      | Reached skill level 1 in Fighting
  2693 | D:3      | Reached skill level 1 in Short Blades
  2693 | D:3      | Reached skill level 1 in Long Blades
  2693 | D:3      | Reached skill level 1 in Axes
  2693 | D:3      | Reached skill level 1 in Maces & Flails
  2693 | D:3      | Reached skill level 1 in Polearms
  2693 | D:3      | Reached skill level 1 in Staves
  2693 | D:3      | Reached skill level 1 in Slings
  2693 | D:3      | Reached skill level 1 in Bows
  2693 | D:3      | Reached skill level 1 in Crossbows
  2693 | D:3      | Reached skill level 1 in Throwing
  2693 | D:3      | Reached skill level 1 in Armour
  2693 | D:3      | Reached skill level 1 in Shields
  2693 | D:3      | Reached skill level 1 in Unarmed Combat
  2693 | D:3      | Reached skill level 1 in Evocations
  2696 | D:3      | Killed Natasha
  2697 | D:3      | Reached XP level 4. HP: 25/32 MP: 11/11
  2724 | D:3      | Slain by a worm

Illustrated notes

Levels and vault maps discovered:
D:1:      lemuel_arrival_tunnels, layout_loops_ring,
          hellmonk_ecumenical_altar_slurped_away
D:2:      layout_loops_cross, skrybe_limestone_x
D:3:      wad_lake_hut, layout_rooms, serial_shops, nicolae_shop_hallway_plus,
          uniq_natasha

Skill      XL: |  1  2  3 |
---------------+----------+-----
Spellcasting   | 5 |  5.1
Invocations    | 1 |  1.2
Fighting       | 1 |  1.1
Short Blades   | 1 |  1.1
Long Blades    | 1 |  1.1
Axes           | 1 |  1.1
Maces & Flails | 1 |  1.1
Polearms       | 1 |  1.1
Staves         | 1 |  1.1
Slings         | 1 |  1.1
Bows           | 1 |  1.1
Crossbows      | 1 |  1.1
Throwing       | 1 |  1.1
Armour         | 1 |  1.1
Shields        | 1 |  1.1
Unarmed Combat | 1 |  1.1
Evocations     | 1 |  1.1
Dodging        | |  4.6
Stealth        | |  4.2
Conjurations   | |  0.9
Hexes          | |  0.9
Summonings     | |  0.9
Necromancy     | |  7.1
Translocations | |  0.9
Transmutations | |  0.9
Fire Magic     | |  0.9
Ice Magic      | |  0.9
Air Magic      | |  0.9
Earth Magic    | |  0.9
Poison Magic   | |  0.9

Action                   |  1- 3 |  4- 6 || total
-------------------------+-------+-------++-------
Melee: Spear             |    54 |    13 ||    67
       Bite              |     8 |       ||     8
       Punch             |     2 |       ||     2
 Cast: Pain              |    40 |     5 ||    45
  Use: Scroll            |     3 |       ||     3
Armor: Robe              |     3 |     2 ||     5
Dodge: Dodged            |    36 |     8 ||    44
